 Dungeon Sprint DCSS version 0.16.1-11-g651b585 (webtiles) character file.

878 karlm the Cleaver (level 7, -1/71 HPs)
             Began as a Minotaur Berserker on Apr 5, 2015.
             Was a Follower of Dithmenos.
             Slain by a demonic crawler (6 damage)
             ... in the Dungeon (Sprint I: "Red Sonja").
             The game lasted 00:01:42 (912 turns).

karlm the Cleaver (Minotaur Berserker)               Turns: 912, Time: 00:01:42

Health: -1/71      AC:  2    Str: 21      XL:     7   Next: 75%
Magic:  3/3        EV: 14    Int:  4      God:    Dithmenos [*.....]
Gold:   270        SH:  0    Dex:  8 (12) Spells: 0 memorised, 6 levels left

rFire  . . .     SeeInvis .     a - +0 hand axe
rCold  . . .     Clarity  .     b - +0 animal skin
rNeg   . . .     SustAb   .     (no shield)
rPois  .         Gourm    .     (helmet restricted)
rElec  .         Spirit   .     (no cloak)
rCorr  .         Warding  .     (no gloves)
rMut   .         NoTele   +     (no boots)
MR     .....                    (no amulet)
Stlth  +.........               (no ring)
                                (no ring)

@: wreathed by umbra, not resistant to hostile enchantments, very unstealthy
A: retaliatory headbutt, horns 2
a: Renounce Religion


You were in the Dungeon.
You worshipped Dithmenos.
Dithmenos was aware of your devotion.
You were not hungry.

You visited 1 branch You collected 270 gold pieces.

Inventory:

Hand weapons
 a - a +0 hand axe (weapon)
Armour
 b - a +0 animal skin (worn)
Scrolls
 i - a scroll of blinking
Potions
 d - a potion of curing
 g - 2 potions of magic


   Skills:
 + Level 9.9 Fighting
 * Level 12.9 Axes
 + Level 9.4 Armour
 + Level 8.7 Dodging


You had 6 spell levels left.
You didn't know any spells.

Dungeon Overview and Level Annotations

Branches:
Dungeon (1/1)

Altars:
Cheibriados
Dithmenos
Fedhas
Jiyva


Innate Abilities, Weirdness & Mutations

You reflexively headbutt those who attack you in melee.
You have a pair of horns on your head.


Message History

The demonic crawler is lightly wounded.
The demonic crawler hits you but does no damage.
The demonic crawler hits you.
* * * LOW HITPOINT WARNING * * *
The demonic crawler hits you.
* * * LOW HITPOINT WARNING * * *
You hit the demonic crawler but do no damage.
Your headbutt misses the demonic crawler.
The demonic crawler is lightly wounded.
You barely miss the demonic crawler.
The demonic crawler is lightly wounded.
The demonic crawler closely misses you. You furiously retaliate!
You headbutt the demonic crawler, but do no damage.
The demonic crawler misses you. The demonic crawler hits you!
* * * LOW HITPOINT WARNING * * *
You hit the demonic crawler but do no damage.
Your headbutt misses the demonic crawler.
The demonic crawler is lightly wounded.
The demonic crawler hits you.
You die...

##################
.#.)'..#__#..')..#
.'..#..'..'..#)..##+#
'#####+#__####..@sss#
.# #### #####s.+ ##
##


You could see 4 demonic crawlers.

Vanquished Creatures
  2 kobold demonologists (D)
  A slime creature (D)
  An ogre (D)
  Sigmund (D)
  Ijyb (D)
  A giant eyeball (D)
  An ufetubus (D)
8 creatures vanquished.

Notes
Turn   | Place    | Note
--------------------------------------------------------------
     0 | D        | karlm, the Minotaur Berserker, began the quest for the Orb.
     0 | D        | Reached XP level 1. HP: 19/19 MP: 1/1
     1 | D        | Noticed Ijyb
     6 | D        | Killed Ijyb
     6 | D        | Reached skill level 4 in Fighting
     6 | D        | Reached skill level 5 in Axes
     6 | D        | Reached XP level 2. HP: 21/28 MP: 1/1
    84 | D        | Noticed an ogre
    88 | D        | Killed an ogre
    88 | D        | Reached skill level 6 in Fighting
    88 | D        | Reached skill level 7 in Axes
    88 | D        | Reached skill level 5 in Armour
    88 | D        | Reached XP level 3. HP: 11/37 MP: 2/2
    88 | D        | Reached XP level 4. HP: 13/44 MP: 2/2
   331 | D        | Noticed Sigmund
   341 | D        | Killed Sigmund
   341 | D        | Acquired Trog's second power
   341 | D        | Reached skill level 8 in Axes
   341 | D        | Reached skill level 5 in Dodging
   341 | D        | Reached XP level 5. HP: 13/51 MP: 2/2
   575 | D        | Found a snail-covered altar of Cheibriados.
   575 | D        | Found a viscous altar of Jiyva.
   575 | D        | Found a shadowy altar of Dithmenos.
   575 | D        | Found a blossoming altar of Fedhas.
   575 | D        | Noticed a slime creature
   588 | D        | Killed a slime creature
   588 | D        | Reached skill level 11 in Axes
   588 | D        | Reached XP level 6. HP: 37/62 MP: 3/3
   766 | D        | Fell from the grace of Trog
   766 | D        | Became a worshipper of Dithmenos the Shadowed
   778 | D        | Noticed a kobold demonologist
   779 | D        | Noticed a kobold demonologist
   780 | D        | Paralysed by a giant eyeball for 3 turns
   789 | D        | Paralysed by a giant eyeball for 4 turns
   796 | D        | Noticed a sixfirhy
   798 | D        | Noticed a smoke demon
   802 | D        | Killed a kobold demonologist
   802 | D        | Reached skill level 12 in Axes
   802 | D        | Reached XP level 7. HP: 43/70 MP: 3/3
   802 | D        | Killed a kobold demonologist
   904 | D        | Noticed a demonic crawler
   904 | D        | Noticed a demonic crawler
   904 | D        | Noticed a demonic crawler
   904 | D        | Noticed a demonic crawler
   912 | D        | Slain by a demonic crawler

Action                   |  1- 3 |  4- 6 |  7- 9 || total
-------------------------+-------+-------+-------++-------
Melee: Hand axe          |     7 |    33 |    11 ||    51
Invok: Berserk           |       |     1 |       ||     1
  Use: Potion            |     1 |     2 |       ||     3
  Eat: Bread ration      |       |       |     1 ||     1
